 Dungeon Crawl Stone Soup version 0.29.0-10-g45618ea6d2 (webtiles) character file.

Game seed: 3191709453999204745

35 SensoryNuts the Trooper (level 3, 0/29 HPs)
             Began as a Demonspawn Fighter on Sept 1, 2022.
             Succumbed to a gnoll's poison
             ... on level 2 of the Dungeon.
             The game lasted 00:00:58 (1504 turns).

SensoryNuts the Trooper (Demonspawn Fighter)        Turns: 1504, Time: 00:00:59

Health: 0/29       AC:  8    Str: 16    XL:     3   Next: 17%
Magic:  3/3        EV:  5    Int:  9    God:
Gold:   40         SH:  5    Dex: 14    Spells: 2/2 levels left

rFire   . . .      SeeInvis .   a - +0 long sword
rCold   . . .      Faith    .   c - +0 buckler
rNeg    . . .      Spirit   .   b - +0 scale mail
rPois   .          Reflect  .   (helmet restricted)
rElec   .          Harm     .   (no cloak)
rCorr   .          Rampage  .   (no gloves)
Will    .....                   (no boots)
Stlth   ..........              (no amulet)
HPRegen 0.09/turn               (no ring)
MPRegen 0.08/turn               (no ring)

@: lethally poisoned (0 -> -24), constricted
A: antennae 1, yellow scales 1
a: no special abilities


You were on level 2 of the Dungeon.
You visited 1 branch of the dungeon, and saw 2 of its levels.

You collected 40 gold pieces.

Inventory:

Hand Weapons
 a - a +0 long sword (weapon)
Armour
 b - a +0 scale mail (worn)
 c - a +0 buckler (worn)
 h - a +0 cloak
Jewellery
 k - a ring of poison resistance
Potions
 d - a potion of might
 g - a potion of flight


   Skills:
 + Level 3.2 Fighting
 * Level 2.6 Long Blades
 + Level 2.8 Armour
 + Level 0.1 Dodging
 + Level 2.9 Shields


You had 2 spell levels left.
You didn't know any spells.
Your spell library was empty.

Dungeon Overview and Level Annotations

Branches:
Dungeon (2/15)

Altars:


Innate Abilities, Weirdness & Mutations

You have a pair of small antennae on your head.
You are partially covered in yellow scales. (AC +2)


Message History

You feel very sick.
The ball python bites you but does no damage.
You block the ball python's attack.
The ball python bites you but does no damage.
The ball python closely misses you.
The quokka bites you but does no damage.
A gnoll comes into view. It is wielding a +0 flail.
You block the gnoll's attack. The bat hits you but does no damage.
The ball python barely misses you. The ball python grabs you.
The ball python constricts you. You block the ball python's attack.
The quokka bites you.
You feel much better.
You feel very sick. The bat barely misses you.
The gnoll hits you with a +1 spear of venom.
You are more poisoned.
The ball python bites you but does no damage.
The ball python constricts you.
The ball python bites you but does no damage.
The quokka bites you but does no damage.
You barely miss the gnoll.
The gnoll is almost dead.
You feel very sick. You block the bat's attack.
A jackal comes into view. x2
The ball python closely misses you. The ball python constricts you.
The gnoll hits you with a +1 spear of venom.
You are more poisoned.
The ball python bites you but does no damage.
The quokka bites you. The bat hits you but does no damage.
The ball python bites you.
* * * LOW HITPOINT WARNING * * *
The ball python constricts you.
* * * LOW HITPOINT WARNING * * *
The ball python bites you but does no damage.
You block the gnoll's attack. The goblin hits you but does no damage.
The jackal barks!
You hit the gnoll.
You kill the gnoll!
You die...

##........##
#..........#
#......?..<#
#..........#
#..........####
#...............
##...?..........
##....b..........
#....S@g...).....
#....)Sr.........
#.....K..........
#...............
#.....g........
..........>....
.#........!h...
#......h......


You could see a gnoll, a quokka, 2 jackals, a goblin, a bat, 2 ball pythons and
a kobold.

Vanquished Creatures
  A gnoll (D:2)
  3 ball pythons (D:1)
  2 bats (D:1)
  2 endoplasms (D:1)
  4 giant cockroaches
  3 hobgoblins (D:1)
  3 jackals (D:1)
  4 frilled lizards (D:1)
  5 goblins (D:1)
  3 kobolds (D:1)
30 creatures vanquished.

Notes
Turn   | Place    | Note
-------+----------+-------------------------------------------
     0 | D:1      | SensoryNuts the Demonspawn Fighter began the quest for the
                  | Orb.
     0 | D:1      | Reached XP level 1. HP: 18/18 MP: 1/1
    82 | D:1      | Gained mutation: You are partially covered in yellow
                  | scales. (AC +2) [demonic ancestry]
    82 | D:1      | Reached XP level 2. HP: 23/24 MP: 2/2
   853 | D:1      | Gained mutation: You have a pair of small antennae on your
                  | head. [demonic ancestry]
   853 | D:1      | Reached XP level 3. HP: 29/29 MP: 3/3
   861 | D:1      | Found a faded altar of an unknown god.
  1504 | D:2      | Succumbed to a gnoll's poison

Illustrated notes

Levels and vault maps discovered:
D:1:      dpeg_arrival_ternary, layout_basic,
          shapermc_ecumenical_altar_totnotflames
D:2:      layout_rooms, minmay_misc_feat_roman, st_stairs_11, uniq_sigmund

Skill      XL: |  1 |
---------------+----+-----
Long Blades    | 2 |  2.6
Fighting       | |  3.2
Armour         | |  2.8
Dodging        | |  0.1
Shields        | |  2.9

Action                   || total
-------------------------++-------
Melee: Long sword        ||    78
  Use: Scroll            ||     4
       Potion            ||     1
Armor: Scale mail        ||    49
Dodge: Dodged            ||    39
Block: Buckler           ||    21
